 Dungeon Crawl Stone Soup version 0.29.0-4-gdea44cf6ec (webtiles) character file.

Game seed: 963004414188664775

8435 qw the Grappler (level 11, -8/89 HPs)
             Began as a Ghoul Enchanter on Sept 5, 2022.
             Was a Priest of Okawaru.
             Mangled by a death yak (20 damage)
             ... on level 2 of the Lair of Beasts.
             The game lasted 00:03:53 (8875 turns).

qw the Grappler (Ghoul Enchanter)                   Turns: 8875, Time: 00:03:54

Health: -8/89      AC: 20    Str: 17    XL:     11   Next: 30%
Magic:  15/16      EV:  6    Int: 10    God:    Okawaru [***...]
Gold:   292        SH: 13    Dex:  9    Spells: 13/13 levels left

rFire   + . .      SeeInvis +     - Unarmed
rCold   + + .      Faith    .   g - +1 kite shield {reflect}
rNeg    + + +      Spirit   .   q - +0 plate armour
rPois   inf        Reflect  +   n - +0 helmet
rElec   .          Harm     .   i - scarf {rC+ rF+}
rCorr   .          Rampage  .   (no gloves)
Will    .....                   d - +0 pair of boots
Stlth   ..........              b - amulet of regeneration
HPRegen 0.00/turn               h - +4 ring of protection
MPRegen 0.15/turn               e - ring of see invisible

@: about to teleport, heroic, inhibited regen
A: claws 1, cold resistance 1, negative energy resistance 3, inhibited
regeneration, torment resistance 2, devour on kill
a: Renounce Religion, Heroism


You were on level 2 of the Lair of Beasts.
You worshipped Okawaru.
Okawaru was most pleased with you.
You visited 3 branches of the dungeon, and saw 11 of its levels.

You collected 787 gold pieces.
You spent 495 gold pieces at shops.


Innate Abilities, Weirdness & Mutations

You are immune to poison.
You have sharp fingernails.
Your flesh is cold resistant. (rC+)
You are immune to negative energy. (rN+++)
You do not regenerate when monsters are visible.
You are immune to unholy pain and torment.
You thrive by killing the living.


   Skills:
 - Level 6.0(11.0) Fighting
 - Level 0.8(5.8) Short Blades
 - Level 4.0(9.0) Armour
 - Level 1.7(6.7) Dodging
 - Level 3.2(8.2) Stealth
 - Level 8.9(13.9) Shields
 + Level 11.7(16.7) Unarmed Combat
 - Level 1.7 Spellcasting
 - Level 2.4 Hexes
 - Level 9.3 Invocations


You had 13 spell levels left.
You didn't know any spells.
Your spell library contained the following spells:

 Spells                   Type           Power      Damage    Failure   Level
 Ensorcelled Hibernation  Hex/Ice        6%         N/A       100%        2
 Confusing Touch          Hex            5%         N/A       100%        3
 Dazzling Flash           Conj/Hex       6%         N/A       100%        3
 Tukima's Dance           Hex            Unusable   N/A       N/A         3

Inventory:

Armour
 d - a +0 pair of boots (worn)
 g - a +1 kite shield of reflection (worn)
 i - a scarf of resistance (worn)
 n - a +0 helmet (worn)
 q - a +0 plate armour (worn)
Jewellery
 b - an amulet of regeneration (around neck)
 e - a ring of see invisible (right claw)
 h - a +4 ring of protection (left claw)
 o - a ring of protection from fire
Scrolls
 f - 2 scrolls of identify
 j - 2 scrolls of enchant weapon
 l - 2 scrolls of teleportation
Potions
 a - 10 potions of curing
 k - 3 potions of might
 p - a potion of resistance

Dungeon Overview and Level Annotations

Branches:
Dungeon (8/15)             Temple (1/1) D:5            Lair (2/5) D:8
  Swamp: Lair:2-3    Shoals: Lair:2-3     Snake: Lair:2-3    Spider: Lair:2-3

Altars:
Ashenzari
Cheibriados
Dithmenos
Fedhas
Hepliaklqana
Kikubaaqudgha
Makhleb
Nemelex Xobeh
Okawaru
Qazlal
Ru
Sif Muna
Trog
Uskayaw
Vehumet
Wu Jian
Xom

Shops:
D:2 [   D:4 =   D:7 =

Annotations:
D:7 4 runed translucent doors


Message History

The death yak is lightly wounded.
You block the death yak's attack. x2
You scratch the death yak.
The death yak is lightly wounded.
You block the death yak's attack. The death yak gores you!
You claw the death yak!
The death yak is moderately wounded.
You feel like a meek peon again. You block the death yak's attack.
The death yak gores you but does no damage.
8867 ||| INVOKING Heroism.
You gain the combat prowess of a mighty hero.
The death yak gores you but does no damage.
The death yak barely misses you.
You barely miss the death yak.
The death yak is moderately wounded.
You block the death yak's attack.
The death yak gores you but does no damage.
You mangle the death yak!!
The death yak is heavily wounded.
You claw the death yak!
The death yak is severely wounded.
The death yak gores you! You block the death yak's attack.
You scratch the death yak but do no damage.
The death yak is severely wounded.
The death yak gores you but does no damage.
You block the death yak's attack.
You barely miss the death yak.
The death yak is severely wounded.
The death yak gores you. The death yak gores you!
8873 ||| READING 3 scrolls of teleportation.
As you read the scroll of teleportation, it crumbles to dust.
You feel strangely unstable. You block the death yak's attack. x2
You claw the death yak!
The death yak is almost dead.
You barely miss the death yak.
The death yak is almost dead.
The death yak gores you!!
You die...

### ###.# .
#...# ...
####Y@#
.Y..##P..Y##
.........##
........##
.........#
##.P...#..#
....... ###
.......
.......


You could see 2 death yaks.

Vanquished Creatures
  2 death yaks (Lair:2)
  A black mamba (Lair:1)
  2 cane toads (Lair:1)
  2 komodo dragons (Lair:1)
  Grinder (D:3)
  A yak (Lair:1)
  3 wyverns
  Grum (Lair:1)
  A basilisk (Lair:1)
  Menkaure (D:4)
  An acid dragon (D:8)
  3 water moccasins (Lair:1)
  3 orc warriors
  A sky beast (D:7)
  A black bear (D:5)
  2 centaurs
  4 wolves (Lair:1)
  A phantom (D:6)
  5 bullfrogs
  A necrophage (D:6)
  5 scorpions
  3 howler monkeys (D:8)
  2 jellies
  3 hounds (D:5)
  3 orc priests
  2 gnoll boudas
  An iguana (D:4)
  2 orc wizards
  7 adders
  10 gnolls
  2 shadow imps
  3 worms
  3 dart slugs
  17 orcs
  4 endoplasms
  3 giant cockroaches
  9 goblins
  2 hobgoblins
  4 jackals (D:2)
  4 kobolds
  2 quokkas
  3 ball pythons
  4 bats
  6 frilled lizards
  A rat (D:1)
142 creatures vanquished.

Vanquished Creatures (others)
  A fungus (Lair:2)
  10 plants
  2 withered plants (D:4)
13 creatures vanquished.

Grand Total: 155 creatures vanquished

Notes
Turn   | Place    | Note
-------+----------+-------------------------------------------
     0 | D:1      | qw the Ghoul Enchanter began the quest for the Orb.
     0 | D:1      | Reached XP level 1. HP: 14/14 MP: 2/2
     0 | D:1      | 0 ||| qw: Version: 0.1-a-104-g96f76f8
     0 | D:1      | 0 ||| qw: Game counter: 5869
     0 | D:1      | 0 ||| qw: Always use a shield: true
     0 | D:1      | 0 ||| qw: God list: Okawaru
     0 | D:1      | 0 ||| qw: Allow faded altars: false
     0 | D:1      | 0 ||| qw: Do Orc after D:15 true
     0 | D:1      | 0 ||| qw: Do second Lair branch before Depths: true
     0 | D:1      | 0 ||| qw: Lair rune preference: random
     0 | D:1      | 0 ||| qw: Plans: Normal
     0 | D:1      | 0 ||| PLANNING D:1-11
     1 | D:1      | 1 ||| DROPPING +1 dagger.
   136 | D:1      | Reached skill level 1 in Unarmed Combat
   297 | D:1      | Reached skill level 1 in Fighting
   297 | D:1      | Reached XP level 2. HP: 23/23 MP: 3/3
   378 | D:1      | 378 ||| Stepping ~*~*~tactically~*~*~ (stealth).
   385 | D:1      | 385 ||| Stepping ~*~*~tactically~*~*~ (stealth).
   819 | D:1      | Reached skill level 2 in Unarmed Combat
   877 | D:1      | 877 ||| UPGRADING to +0 leather armour.
   887 | D:1      | 887 ||| DROPPING +0 robe.
   888 | D:1      | 888 ||| DROPPING ring of flight.
   889 | D:1      | 889 ||| DROPPING ring of magical power.
   890 | D:1      | 890 ||| UPGRADING to +4 ring of protection.
   891 | D:1      | 891 ||| READING scroll labelled CEEXUL SOJONE.
   892 | D:1      | 892 ||| READING scroll labelled BOAFUE ZOMEGU.
   893 | D:1      | 893 ||| READING scroll labelled TUOGIGHUENG.
   896 | D:1      | 896 ||| READING scroll labelled BEWNEULONG.
   896 | D:1      | Identified a scroll of acquirement
   896 | D:1      | 896 ||| ACQUIRING 272 gold pieces
   896 | D:1      | Acquired 272 gold pieces
   898 | D:1      | 898 ||| DRINKING 2 fizzy white potions.
   899 | D:1      | 899 ||| DROPPING 2 potions of invisibility.
   970 | D:2      | Reached XP level 3. HP: 13/28 MP: 4/4
  1281 | D:2      | Found Oneome's Armour Boutique.
  1287 | D:2      | 1287 ||| BUYING +0 pair of boots (58 gold).
  1287 | D:2      | Bought a +0 pair of boots for 58 gold pieces
  1287 | D:2      | 1287 ||| BUYING +0 ring mail (52 gold).
  1287 | D:2      | Bought a +0 ring mail for 52 gold pieces
  1287 | D:2      | 1287 ||| SHOPLISTING +1 acid dragon scales (611 gold, have
                  | 244).
  1287 | D:2      | 1287 ||| BUYING +1 kite shield of reflection (175 gold).
  1287 | D:2      | Bought a +1 kite shield of reflection for 175 gold pieces
  1356 | D:2      | Reached skill level 3 in Unarmed Combat
  1406 | D:2      | Found a faded altar of an unknown god.
  1634 | D:2      | Reached XP level 4. HP: 35/35 MP: 5/5
  1884 | D:2      | 1884 ||| Stepping ~*~*~tactically~*~*~ (stealth).
  1886 | D:2      | 1886 ||| Stepping ~*~*~tactically~*~*~ (stealth).
  1888 | D:2      | 1888 ||| Stepping ~*~*~tactically~*~*~ (stealth).
  1921 | D:2      | 1921 ||| UPGRADING to +0 pair of boots.
  1926 | D:2      | 1926 ||| UPGRADING to +0 ring mail.
  1936 | D:2      | 1936 ||| DROPPING +0 leather armour.
  1937 | D:2      | 1937 ||| UPGRADING to +1 kite shield of reflection.
  1942 | D:2      | 1942 ||| UPGRADING to scarf of resistance.
  1947 | D:2      | 1947 ||| UPGRADING to +0 scale mail.
  1957 | D:2      | 1957 ||| DROPPING +0 ring mail.
  1958 | D:2      | 1958 ||| READING scroll labelled LIUSYPS LYNOGH.
  1959 | D:2      | 1959 ||| READING 3 scrolls labelled USAUBO LYMARYZ.
  1960 | D:2      | 1960 ||| READING scroll labelled BOOSOTOATI.
  1961 | D:2      | 1961 ||| READING scroll labelled GUPUCO NAQEMOL.
  1962 | D:2      | 1962 ||| DRINKING 4 green potions.
  1963 | D:2      | 1963 ||| DROPPING 2 scrolls of blinking.
  2118 | D:3      | Found a shimmering blue altar of Sif Muna.
  2202 | D:3      | 2202 ||| Stepping ~*~*~tactically~*~*~ (hiding).
  2203 | D:3      | 2203 ||| Stepping ~*~*~tactically~*~*~ (hiding).
  2335 | D:3      | Noticed Grinder
  2336 | D:3      | 2336 ||| Stepping ~*~*~tactically~*~*~ (hiding).
  2363 | D:3      | HP: 8/35 [Grinder (1)]
  2364 | D:3      | 2364 ||| DRINKING potion of heal wounds.
  2364 | D:3      | Paralysed by Grinder for 3 turns
  2370 | D:3      | Paralysed by Grinder for 2 turns
  2375 | D:3      | Killed Grinder
  2376 | D:3      | Reached skill level 3 in Shields
  2376 | D:3      | Reached XP level 5. HP: 25/40 MP: 6/6
  2376 | D:3      | Reached XP level 6. HP: 29/47 MP: 7/7
  2927 | D:3      | 2927 ||| READING scroll labelled INOINGO FEUG.
  2928 | D:3      | 2928 ||| READING scroll labelled MAEMOC QEHAOQU.
  2929 | D:3      | 2929 ||| READING 3 scrolls of identify.
  2929 | D:3      | 2929 ||| IDENTIFYING ruby potion
  2930 | D:3      | 2930 ||| READING 2 scrolls of identify.
  2930 | D:3      | 2930 ||| IDENTIFYING coppery potion
  2931 | D:3      | 2931 ||| DROPPING potion of magic.
  2932 | D:3      | 2932 ||| DROPPING potion of lignification.
  2940 | D:4      | 2940 ||| STAIRDANCE
  2953 | D:3      | Reached skill level 4 in Unarmed Combat
  2964 | D:4      | 2964 ||| STAIRDANCE
  3014 | D:4      | 3014 ||| Stepping ~*~*~tactically~*~*~ (stealth).
  3026 | D:4      | 3026 ||| Stepping ~*~*~tactically~*~*~ (stealth).
  3027 | D:4      | 3027 ||| Stepping ~*~*~tactically~*~*~ (stealth).
  3029 | D:4      | 3029 ||| Stepping ~*~*~tactically~*~*~ (stealth).
  3236 | D:4      | Found a stormy altar of Qazlal.
  3245 | D:4      | Found Oschynek's Jewellery Shoppe.
  3252 | D:4      | 3252 ||| SHOPLISTING +4 ring of protection (504 gold, have
                  | 219).
  3252 | D:4      | 3252 ||| SHOPLISTING +6 ring of dexterity (504 gold, have
                  | 219).
  3252 | D:4      | 3252 ||| BUYING ring of see invisible (210 gold).
  3252 | D:4      | Bought a ring of see invisible for 210 gold pieces
  3252 | D:4      | 3252 ||| SHOPLISTING ring of willpower (350 gold, have 9).
  3262 | D:4      | Found an ancient bone altar of Kikubaaqudgha.
  3310 | D:4      | Reached XP level 7. HP: 56/56 MP: 8/8
  3444 | D:4      | Noticed Menkaure
  3449 | D:4      | 3449 ||| Stepping ~*~*~tactically~*~*~ (outnumbered).
  3450 | D:4      | 3450 ||| Stepping ~*~*~tactically~*~*~ (outnumbered).
  3451 | D:4      | 3451 ||| Stepping ~*~*~tactically~*~*~ (outnumbered).
  3452 | D:4      | 3452 ||| Stepping ~*~*~tactically~*~*~ (outnumbered).
  3453 | D:4      | 3453 ||| Stepping ~*~*~tactically~*~*~ (outnumbered).
  3454 | D:4      | 3454 ||| Stepping ~*~*~tactically~*~*~ (outnumbered).
  3455 | D:4      | 3455 ||| Stepping ~*~*~tactically~*~*~ (outnumbered).
  3456 | D:4      | 3456 ||| Stepping ~*~*~tactically~*~*~ (outnumbered).
  3457 | D:4      | 3457 ||| Stepping ~*~*~tactically~*~*~ (hiding).
  3462 | D:4      | 3462 ||| Stepping ~*~*~tactically~*~*~ (outnumbered).
  3463 | D:4      | 3463 ||| Stepping ~*~*~tactically~*~*~ (outnumbered).
  3464 | D:4      | 3464 ||| Stepping ~*~*~tactically~*~*~ (outnumbered).
  3465 | D:4      | 3465 ||| Stepping ~*~*~tactically~*~*~ (outnumbered).
  3467 | D:4      | 3467 ||| Stepping ~*~*~tactically~*~*~ (outnumbered).
  3468 | D:4      | 3468 ||| Stepping ~*~*~tactically~*~*~ (outnumbered).
  3474 | D:4      | 3474 ||| DRINKING 4 potions of curing.
  3474 | D:4      | 3474 ||| (to cure confusion)
  3481 | D:4      | Killed Menkaure
  3482 | D:4      | Reached skill level 5 in Unarmed Combat
  3482 | D:4      | 3482 ||| Stepping ~*~*~tactically~*~*~ (outnumbered).
  3561 | D:4      | 3561 ||| Stepping ~*~*~tactically~*~*~ (stealth).
  3596 | D:4      | Reached skill level 1 in Armour
  3748 | D:4      | 3748 ||| Stepping ~*~*~tactically~*~*~ (stealth).
  3754 | D:4      | 3754 ||| Stepping ~*~*~tactically~*~*~ (stealth).
  3766 | D:4      | 3766 ||| Stepping ~*~*~tactically~*~*~ (stealth).
  3776 | D:4      | Reached skill level 6 in Unarmed Combat
  3898 | D:4      | 3898 ||| DROPPING +1 kite shield of reflection.
  3899 | D:4      | 3899 ||| UPGRADING to +0 plate armour.
  3909 | D:4      | 3909 ||| DROPPING +0 scale mail.
  3910 | D:4      | 3910 ||| UPGRADING to amulet of regeneration.
  3915 | D:4      | 3915 ||| UPGRADING to ring of see invisible.
  3916 | D:4      | 3916 ||| READING 2 scrolls labelled KEOTHR BEOXZEOL.
  3917 | D:4      | 3917 ||| DRINKING 2 fuming blue potions.
  3918 | D:4      | 3918 ||| READING 2 scrolls of identify.
  3918 | D:4      | 3918 ||| IDENTIFYING dark potion
  3919 | D:4      | 3919 ||| DROPPING potion of berserk rage.
  3931 | D:5      | Entered Level 5 of the Dungeon
  4024 | D:5      | Found a sacrificial altar of Ru.
  4102 | D:5      | 4102 ||| Stepping ~*~*~tactically~*~*~ (stealth).
  4103 | D:5      | 4103 ||| Stepping ~*~*~tactically~*~*~ (stealth).
  4104 | D:5      | 4104 ||| Stepping ~*~*~tactically~*~*~ (stealth).
  4105 | D:5      | 4105 ||| Stepping ~*~*~tactically~*~*~ (stealth).
  4114 | D:5      | Reached skill level 3 in Fighting
  4190 | D:5      | Reached XP level 8. HP: 66/66 MP: 9/9
  4374 | D:5      | Found a burning altar of Makhleb.
  4380 | D:5      | 4380 ||| FLEEEEING.
  4381 | D:5      | 4381 ||| FLEEEEING.
  4382 | D:5      | 4382 ||| FLEEEEING.
  4386 | D:5      | 4386 ||| FLEEEEING.
  4387 | D:5      | 4387 ||| FLEEEEING.
  4389 | D:5      | 4389 ||| Stepping ~*~*~tactically~*~*~ (hiding).
  4631 | D:5      | 4631 ||| Stepping ~*~*~tactically~*~*~ (hiding).
  4735 | D:5      | 4735 ||| Stepping ~*~*~tactically~*~*~ (stealth).
  4745 | D:5      | Reached skill level 7 in Unarmed Combat
  5059 | D:5      | Found a staircase to the Ecumenical Temple.
  5060 | D:5      | 5060 ||| PLANNING TEMPLE
  5060 | D:5      | 5060 ||| UPGRADING to +0 helmet.
  5065 | D:5      | 5065 ||| READING scroll labelled TOL ZUZALIXTI.
  5074 | Temple   | Entered the Ecumenical Temple
  5082 | Temple   | Became a worshipper of Warmaster Okawaru
  5115 | Temple   | 5115 ||| PLANNING D:1-11
  5278 | D:6      | Identified the +11 war axe of Change {flame, Int+4}
  5333 | D:6      | 5333 ||| Stepping ~*~*~tactically~*~*~ (hiding).
  5344 | D:6      | 5344 ||| Stepping ~*~*~tactically~*~*~ (hiding).
  5360 | D:6      | HP: 14/66 [orc warrior/+0 battleaxe (3)]
  5361 | D:6      | 5361 ||| READING scroll of teleportation.
  5362 | D:6      | 5362 ||| DRINKING potion of heal wounds.
  5365 | D:6      | 5365 ||| Stepping ~*~*~tactically~*~*~ (hiding).
  5366 | D:6      | 5366 ||| Stepping ~*~*~tactically~*~*~ (hiding).
  5380 | D:6      | 5380 ||| Stepping ~*~*~tactically~*~*~ (stealth).
  5381 | D:6      | 5381 ||| Stepping ~*~*~tactically~*~*~ (stealth).
  5398 | D:6      | 5398 ||| Stepping ~*~*~tactically~*~*~ (stealth).
  5400 | D:6      | 5400 ||| Stepping ~*~*~tactically~*~*~ (stealth).
  5504 | D:6      | 5504 ||| Stepping ~*~*~tactically~*~*~ (stealth).
  5505 | D:6      | 5505 ||| Stepping ~*~*~tactically~*~*~ (stealth).
  5509 | D:6      | 5509 ||| Stepping ~*~*~tactically~*~*~ (outnumbered).
  5510 | D:6      | 5510 ||| Stepping ~*~*~tactically~*~*~ (outnumbered).
  5511 | D:6      | 5511 ||| Stepping ~*~*~tactically~*~*~ (outnumbered).
  5512 | D:6      | 5512 ||| Stepping ~*~*~tactically~*~*~ (outnumbered).
  5621 | D:6      | Reached skill level 8 in Unarmed Combat
  5700 | D:6      | 5700 ||| Stepping ~*~*~tactically~*~*~ (stealth).
  5712 | D:6      | Reached skill level 3 in Armour
  5713 | D:6      | HP: 10/66 [orc priest/divine providence (11)]
  5853 | D:7      | Found a huge runed translucent gate.
  5853 | D:7      | Noticed a wyvern
  5853 | D:7      | Noticed a wyvern
  5854 | D:7      | Found a huge runed translucent gate.
  5854 | D:7      | Found a huge runed translucent gate.
  5854 | D:7      | Found a huge runed translucent gate.
  5854 | D:7      | Noticed a polar bear
  5854 | D:7      | Noticed a yak
  5854 | D:7      | Noticed a polar bear
  5854 | D:7      | Noticed a wyvern
  5854 | D:7      | Noticed a wyvern
  5854 | D:7      | Noticed a polar bear
  5854 | D:7      | Noticed a polar bear
  5890 | D:7      | 5890 ||| Stepping ~*~*~tactically~*~*~ (hiding).
  5891 | D:7      | 5891 ||| Stepping ~*~*~tactically~*~*~ (hiding).
  6022 | D:7      | Reached * piety under Okawaru
  6023 | D:7      | Reached skill level 9 in Unarmed Combat
  6023 | D:7      | Reached XP level 9. HP: 44/71 MP: 10/10
  6023 | D:7      | 6023 ||| INVOKING Heroism.
  6086 | D:7      | 6086 ||| Stepping ~*~*~tactically~*~*~ (stealth).
  6090 | D:7      | 6090 ||| Stepping ~*~*~tactically~*~*~ (hiding).
  6105 | D:7      | Found a flagged portal.
  6115 | D:7      | 6115 ||| FLEEEEING.
  6116 | D:7      | 6116 ||| FLEEEEING.
  6117 | D:7      | 6117 ||| FLEEEEING.
  6118 | D:7      | 6118 ||| FLEEEEING.
  6119 | D:7      | 6119 ||| FLEEEEING.
  6151 | D:7      | 6151 ||| Stepping ~*~*~tactically~*~*~ (hiding).
  6157 | D:7      | Reached skill level 1 in Invocations
  6157 | D:7      | 6157 ||| INVOKING Heroism.
  6186 | D:7      | Found Keiblayd's Jewellery Boutique.
  6194 | D:7      | 6194 ||| SHOPLISTING +4 ring of protection (396 gold, have
                  | 121).
  6194 | D:7      | 6194 ||| SHOPLISTING +6 ring of strength (396 gold, have
                  | 121).
  6194 | D:7      | 6194 ||| SHOPLISTING ring of protection from cold (275
                  | gold, have 121).
  6194 | D:7      | 6194 ||| SHOPLISTING ring of protection from fire (275
                  | gold, have 121).
  6269 | D:7      | Identified the +10 quarterstaff "Kuab" {vorpal, Int+2}
  6752 | D:7      | 6752 ||| READING 4 scrolls of identify.
  6752 | D:7      | 6752 ||| IDENTIFYING black potion
  6753 | D:7      | 6753 ||| READING 3 scrolls of identify.
  6753 | D:7      | 6753 ||| IDENTIFYING sapphire potion
  6754 | D:7      | 6754 ||| DRINKING potion of experience.
  6754 | D:7      | Reached skill level 9 in Invocations
  6754 | D:7      | Reached XP level 10. HP: 79/79 MP: 10/15
  6789 | D:7      | 6789 ||| READING 2 scrolls of identify.
  6789 | D:7      | 6789 ||| IDENTIFYING lumpy dark potion
  6790 | D:7      | 6790 ||| DROPPING potion of flight.
  6791 | D:7      | 6791 ||| DROPPING potion of attraction.
  7012 | D:8      | 7012 ||| INVOKING Heroism.
  7211 | D:8      | 7211 ||| Stepping ~*~*~tactically~*~*~ (hiding).
  7214 | D:8      | 7214 ||| INVOKING Heroism.
  7215 | D:8      | 7215 ||| Stepping ~*~*~tactically~*~*~ (outnumbered).
  7217 | D:8      | 7217 ||| Stepping ~*~*~tactically~*~*~ (outnumbered).
  7258 | D:8      | Identified the +3 leather armour of Instinct {Int+4}
  7383 | D:8      | 7383 ||| INVOKING Heroism.
  7427 | D:8      | Found a hazy altar of Hepliaklqana.
  7427 | D:8      | Found a blossoming altar of Fedhas.
  7434 | D:8      | Found a shimmering altar of Xom.
  7436 | D:8      | Found a sparkling altar of Nemelex Xobeh.
  7438 | D:8      | Found a radiant altar of Vehumet.
  7516 | D:8      | 7516 ||| Stepping ~*~*~tactically~*~*~ (stealth).
  7518 | D:8      | 7518 ||| Stepping ~*~*~tactically~*~*~ (hiding).
  7524 | D:8      | 7524 ||| INVOKING Heroism.
  7699 | D:8      | Found a staircase to the Lair.
  7717 | D:8      | 7717 ||| PLANNING LAIR
  7717 | D:8      | 7717 ||| READING scroll labelled QOALAI BUGGAOSCH.
  7723 | Lair:1   | Entered Level 1 of the Lair of Beasts
  7763 | Lair:1   | Noticed Grum
  7764 | Lair:1   | 7764 ||| Stepping ~*~*~tactically~*~*~ (hiding).
  7765 | Lair:1   | 7765 ||| Stepping ~*~*~tactically~*~*~ (hiding).
  7770 | Lair:1   | 7770 ||| INVOKING Heroism.
  7778 | Lair:1   | Killed Grum
  7801 | Lair:1   | 7801 ||| Stepping ~*~*~tactically~*~*~ (stealth).
  7802 | Lair:1   | 7802 ||| Stepping ~*~*~tactically~*~*~ (stealth).
  7882 | Lair:1   | Noticed a cane toad
  7883 | Lair:1   | 7883 ||| Stepping ~*~*~tactically~*~*~ (stealth).
  7885 | Lair:1   | 7885 ||| INVOKING Heroism.
  7890 | Lair:1   | Killed a cane toad
  7890 | Lair:1   | Reached ** piety under Okawaru
  7891 | Lair:1   | Reached skill level 10 in Unarmed Combat
  7970 | Lair:1   | Noticed a black mamba
  7971 | Lair:1   | 7971 ||| INVOKING Heroism.
  7981 | Lair:1   | Killed a black mamba
  7982 | Lair:1   | Reached skill level 6 in Fighting
  8081 | Lair:1   | 8081 ||| INVOKING Heroism.
  8246 | Lair:1   | 8246 ||| INVOKING Heroism.
  8248 | Lair:1   | Reached XP level 11. HP: 66/89 MP: 13/16
  8301 | Lair:1   | Reached *** piety under Okawaru
  8302 | Lair:1   | Reached skill level 11 in Unarmed Combat
  8456 | Lair:1   | 8456 ||| INVOKING Heroism.
  8502 | Lair:1   | 8502 ||| INVOKING Heroism.
  8784 | Lair:1   | 8784 ||| DRINKING 2 bubbling amethyst potions.
  8785 | Lair:1   | 8785 ||| READING 3 scrolls of identify.
  8785 | Lair:1   | 8785 ||| IDENTIFYING metallic brown potion
  8786 | Lair:1   | 8786 ||| DROPPING potion of brilliance.
  8829 | Lair:2   | Noticed a death yak
  8831 | Lair:2   | 8831 ||| INVOKING Heroism.
  8832 | Lair:2   | Noticed a death yak
  8833 | Lair:2   | 8833 ||| Stepping ~*~*~tactically~*~*~ (stealth).
  8839 | Lair:2   | Noticed a death yak
  8840 | Lair:2   | Noticed a death yak
  8841 | Lair:2   | 8841 ||| Stepping ~*~*~tactically~*~*~ (stealth).
  8849 | Lair:2   | Killed a death yak
  8852 | Lair:2   | 8852 ||| Stepping ~*~*~tactically~*~*~ (outnumbered).
  8859 | Lair:2   | Killed a death yak
  8867 | Lair:2   | 8867 ||| INVOKING Heroism.
  8872 | Lair:2   | HP: 22/89 [death yak (4)]
  8873 | Lair:2   | 8873 ||| READING 3 scrolls of teleportation.
  8875 | Lair:2   | Mangled by a death yak

Levels and vault maps discovered:
D:1:      dpeg_arrival_shrine, layout_loops_ring
D:2:      minmay_door_path, layout_loops_ring,
          hellmonk_ecumenical_altar_inner_sanctum, serial_shops,
          nicolae_shop_trees
D:3:      layout_loops_ring, mainiacjoe_overflow_concentric_impassable,
          chequers_serial_rivers_room_a, uniq_grinder
D:4:      layout_loops_cross, lemuel_round_altar, kiku_gazebo_garden_becter,
          serial_shops, nicolae_shop_statue_plus, uniq_menkaure
D:5:      layout_layer_cave, overflow_temple_1_default, lemuel_crystal_altar,
          lemuel_temple_firewalk_a, kennysheep_generic_room_16
D:6:      layout_cave_pools
D:7:      lemuel_bear_cage, layout_loops_ring, enter_bailey_5, serial_shops,
          shop_fountains, nrook_mini_backslash
D:8:      layout_basic, chequers_temple_overflow_minitemple, tso_oasis_becter
Temple:   nicolae_temple_little_seven
Lair:1:   layout_roguey, serial_forest, infiniplex_forest_lined_room_,
          infiniplex_forest_straight_3, infiniplex_forest_diagonal,
          infiniplex_forest_end_3, infiniplex_forest_clump_cross,
          infiniplex_forest_clump_curved, infiniplex_forest_lined_room_,
          infiniplex_forest_lined_3_way, beast_lair_carwin_9, uniq_grum
Lair:2:   layout_layer_cave, minmay_shoals_entry_beasts,
          hellmonk_spider_entry_not_the_bees, gammafunk_ghost_berserking_beasts,
          minivault_19, serial_bayou_shore_a

Skill      XL: |  1  2  3  4  5  6  7  8  9 10 11 |
---------------+----------------------------------+-----
Unarmed Combat | 1 2 3 4 6 9 10 11 | 11.7
Fighting       | 1 2 3 4 6 |  6.0
Shields        | 3 4 8 |  8.9
Armour         | 2 3 4 |  4.0
Invocations    | 9 |  9.3
Short Blades   | |  0.8
Dodging        | |  1.7
Stealth        | |  3.2
Spellcasting   | |  1.7
Hexes          | |  2.4

Action                   |  1- 3 |  4- 6 |  7- 9 | 10-12 || total
-------------------------+-------+-------+-------+-------++-------
Melee: Unarmed           |   138 |   128 |   291 |   212 ||   769
       Punch             |     1 |     1 |       |       ||     2
Invok: Heroism           |       |       |     2 |    13 ||    15
  Use: Scroll            |     4 |     8 |     6 |     4 ||    22
       Potion            |     1 |     2 |     4 |     1 ||     8
 Stab: Sleeping          |     1 |       |       |       ||     1
Armor: Robe              |    12 |       |       |       ||    12
       Leather armour    |    29 |    10 |       |       ||    39
       Scale mail        |       |    42 |    37 |       ||    79
       Plate armour      |       |       |   150 |    73 ||   223
Dodge: Dodged            |    77 |    30 |    45 |    26 ||   178
Block: Kite shield       |       |    30 |   128 |   114 ||   272
       Reflection        |       |       |     2 |     2 ||     4

Table legend:
 A = Non-vault XP
 B = Vault XP
 C = Vault XP percentage of total XP
 D = Non-vault monster count
 E = Vault monster count
 F = Vault count percentage of total count
                 A         B        C        D         E       F
            +---------+---------+-------+---------+---------+-------
      Total |    7426 |    1963 |  20.9 |     123 |      19 |  13.4
            +---------+---------+-------+---------+---------+-------
        D:1 |      25 |       0 |   0.0 |      17 |       0 |   0.0
        D:2 |      78 |       1 |   1.3 |      15 |       1 |   6.2
        D:3 |     180 |     277 |  60.6 |       8 |       1 |  11.1
        D:4 |     277 |     172 |  38.3 |      18 |       1 |   5.3
        D:5 |     389 |      92 |  19.1 |      10 |       2 |  16.7
        D:6 |     623 |       0 |   0.0 |      13 |       0 |   0.0
        D:7 |     602 |       6 |   1.0 |      15 |       3 |  16.7
        D:8 |     964 |       0 |   0.0 |      16 |       0 |   0.0
     Lair:1 |    2654 |    1415 |  34.8 |       9 |      11 |  55.0
     Lair:2 |    1634 |       0 |   0.0 |       2 |       0 |   0.0
            +---------+---------+-------+---------+---------+-------
